[Event "Swedish Chess Championship 2021: Sverigemastarklassen"]
[Site "Scandic Helsingborg Nord, Florettgatan 41, Helsingborg, Sweden"]
[Date "2021.07.08"]
[Round "6.4"]
[White "Storme, Isak"]
[Black "Hillarp Persson, Tiger"]
[Result "0-1"]
[TimeControl "90 minutes for 40 moves + 30 minutes for the rest of the game + 30 seconds per move from move one."]
[WhiteTitle "FM"]
[BlackTitle "GM"]
[WhiteFideId "1728113"]
[BlackFideId "1700812"]
[WhiteElo "2397"]
[BlackElo "2542"]

1. d4 d5 2. c4 e6 3. Nf3 c6 4. e3 f5 5. Nc3 Nf6 6. Ne5 Nbd7 7. f4 Bb4 8. Bd3 Nxe5 9. fxe5 Ne4 10.
Bxe4 Qh4+ 11. g3 Bxc3+ 12. bxc3 Qxe4 13. O-O dxc4 14. Qh5+ g6 15. Qg5 O-O 16. Ba3 c5 17. Qf4 Qxf4 18.
exf4 cxd4 19. Bxf8 Kxf8 20. cxd4 Bd7 21. Rfc1 Bb5 22. Rab1 Ba6 23. Kf2 Ke7 24. Ke3 Kd7 25. d5 exd5 26.
Kd4 Ke6 27. Rb4 b6 28. Rcb1 Bb7 29. Rxb6+ axb6 30. Rxb6+ Kd7 31. Rxb7+ Kc6 32. Rb2 Ra3 33. Rd2 Rf3 34. Rd1 Rf2 35.
Re1 Rd2+ 36. Kc3 Rxa2 37. e6 Ra3+ 38. Kd2 Ra8 39. Kc3 Kd6 40. e7 Re8 41. Ra1 Rxe7 42. Ra6+ Kc5 43. Ra5+ Kc6 44.
Ra8 Re3+ 45. Kd4 Rd3+ 46. Ke5 c3 0-1

[Event "Swedish Chess Championship 2021: Sverigemastarklassen"]
[Site "Scandic Helsingborg Nord, Florettgatan 41, Helsingborg, Sweden"]
[Date "2021.07.08"]
[Round "6.5"]
[White "Wiedenkeller, Michael"]
[Black "Hector, Jonny"]
[Result "1-0"]
[TimeControl "90 minutes for 40 moves + 30 minutes for the rest of the game + 30 seconds per move from move one."]
[WhiteTitle "IM"]
[BlackTitle "GM"]
[WhiteFideId "1700146"]
[BlackFideId "1700090"]
[WhiteElo "2445"]
[BlackElo "2479"]

1. c4 e5 2. Nc3 Bb4 3. Nd5 Ba5 4. b4 Bb6 5. Bb2 d6 6. d4 Bxd4 7. Bxd4 exd4 8. Qxd4 Nf6 9. Nxf6+ Qxf6 10.
Qxf6 gxf6 11. e3 a5 12. b5 Be6 13. Nf3 Rg8 14. Nd4 Nd7 15. f3 a4 16. Kf2 Rg5 17. Bd3 h6 18. Rhc1 Rc5 19.
Be4 O-O-O 20. Nxe6 fxe6 21. Bd3 Kb8 22. f4 f5 23. Rab1 Nb6 24. Be2 Re8 25. h3 e5 26. Bd3 Rf8 27.
Be2 Kc8 28. g3 Kd7 29. Rc2 Re8 30. Rbc1 Kd8 31. Bf3 Kc8 32. g4 fxg4 33. hxg4 exf4 34. exf4 Rf8 35. Kg3 Rf6 36. Be4 Kb8 37.
Bd3 d5 38. cxd5 Rxd5 39. Bf5 Rxb5 40. Rxc7 Rb4 41. R7c5 Rb2 42. g5 hxg5 43. fxg5 Rf7 44. g6 Rg7 45. Rc7 Rb5 46. Rxg7 Rxf5 47.
Rcc7 Ka8 48. Kg4 Rf6 49. Rcf7 Rc6 50. Rg8+ Ka7 51. g7 Rc1 52. Re8 Rg1+ 53. Kh3 1-0

[Event "Swedish Chess Championship 2021: Sverigemastarklassen"]
[Site "Scandic Helsingborg Nord, Florettgatan 41, Helsingborg, Sweden"]
[Date "2021.07.09"]
[Round "7.1"]
[White "Hector, Jonny"]
[Black "Cramling, Pia"]
[Result "1/2-1/2"]
[TimeControl "90 minutes for 40 moves + 30 minutes for the rest of the game + 30 seconds per move from move one."]
[WhiteTitle "GM"]
[BlackTitle "GM"]
[WhiteFideId "1700090"]
[BlackFideId "1700030"]
[WhiteElo "2479"]
[BlackElo "2459"]

1. e4 c5 2. Nf3 a6 3. c4 e6 4. d4 cxd4 5. Nxd4 Nf6 6. Nc3 Qc7 7. Be2 b6 8. O-O Bb7 9. Qd3 Nc6 10.
Nxc6 dxc6 11. f4 Rd8 12. Qh3 c5 13. f5 e5 14. Bf3 Rd3 15. Re1 Be7 16. Be3 Rd7 17. g4 h6 18. g5 Nh7 19.
gxh6 Nf6 20. Nd5 Bxd5 21. exd5 gxh6 22. Bf2 Kf8 23. Re2 Kg7 24. Kh1 Rdd8 25. Bh4 Rde8 26. Qg3+ Kh7 27. Rae1 Bd8 28.
Qh3 Qd6 29. Bg5 Qf8 30. Qh4 Qg7 31. Rg2 e4 32. Bd2 Qf8 33. Bd1 Rg8 34. Rxg8 Nxg8 35. f6 Bxf6 36. Qf4 Kh8 37. Rxe4 Rxe4 38.
Qxe4 Bxb2 39. Bc2 Nf6 40. Qh4 h5 41. Qg3 Bd4 42. a4 Qe8 43. Qf3 Qg8 44. Qg3 Qxg3 45. hxg3 Be5 46. Kg2 Kg7 47.
Kh3 Ne8 48. Kh4 Nd6 49. Bd3 f5 50. Kxh5 Bxg3 51. Kg5 Be5 52. a5 bxa5 53. Bxa5 Kf7 54. Bc7 Ne4+ 55. Kxf5 Bxc7 56. Kxe4 Ke7 1/2-1/2

[Event "Swedish Chess Championship 2021: Sverigemastarklassen"]
[Site "Scandic Helsingborg Nord, Florettgatan 41, Helsingborg, Sweden"]
[Date "2021.07.09"]
[Round "7.2"]
[White "Westerberg, Jonathan"]
[Black "Seo, Jung Min"]
[Result "1/2-1/2"]
[TimeControl "90 minutes for 40 moves + 30 minutes for the rest of the game + 30 seconds per move from move one."]
[WhiteTitle "GM"]
[BlackTitle "IM"]
[WhiteFideId "1701754"]
[BlackFideId "1734687"]
[WhiteElo "2534"]
[BlackElo "2453"]

1. d4 Nf6 2. c4 e6 3. Nc3 Bb4 4. e3 O-O 5. Bd2 d5 6. Nf3 Re8 7. Rc1 Bf8 8. Bd3 Nbd7 9. O-O c5 10.
cxd5 exd5 11. Qc2 c4 12. Bf5 g6 13. Bh3 a6 14. a4 Rb8 15. Na2 b5 16. axb5 axb5 17. Bb4 Ra8 18. Bxd7 Bxd7 19.
Bxf8 Rxf8 20. Ra1 Qe7 21. Qd2 Ra4 22. Nc3 Rxa1 23. Rxa1 b4 24. Ne2 Ne4 25. Qe1 Rc8 26. Ne5 Be8 27. f3 Nf6 28. Qh4 Qd6 29. g4 Nd7 30.
Qg3 f6 31. Nxd7 Qxd7 32. Qf4 Qe7 33. h4 c3 34. bxc3 Bb5 35. Ng3 bxc3 36. e4 Bc4 37. h5 c2 38. hxg6 hxg6 39. Rc1 Bb3 40.
Kf2 Qf7 41. g5 fxg5 42. Qxg5 dxe4 43. Nxe4 Rf8 44. Qe3 Qe6 45. Nd2 Qxe3+ 46. Kxe3 Ba4 47. Nc4 Rb8 48. Ne5 Rb1 49. Kd2 Rb4 50.
Kc3 Rb1 51. Kd2 Rb4 52. Kc3 Rb1 53. Kd2 1/2-1/2

[Event "Swedish Chess Championship 2021: Sverigemastarklassen"]
[Site "Scandic Helsingborg Nord, Florettgatan 41, Helsingborg, Sweden"]
[Date "2021.07.09"]
[Round "7.3"]
[White "Smith, Axel"]
[Black "Blomqvist, Erik"]
[Result "0-1"]
[TimeControl "90 minutes for 40 moves + 30 minutes for the rest of the game + 30 seconds per move from move one."]
[WhiteTitle "GM"]
[BlackTitle "GM"]
[WhiteFideId "1707930"]
[BlackFideId "1709437"]
[WhiteElo "2453"]
[BlackElo "2535"]

1. d4 Nf6 2. c4 e6 3. Nc3 Bb4 4.
f3 d5 5.
a3 Be7 6. e4 dxc4 7. Bxc4 c5 8. Nge2 cxd4 9. Nxd4 O-O 10. Be3 a6 11. Rc1 Bd7 12. e5 Ne8 13. f4 Nc7 14. O-O Nc6 15.
Nf3 b5 16. Ba2 Na5 17. Qe2 Qb8 18. Rfd1 Rd8 19. Nd2 b4 20. axb4 Qxb4 21. Nc4 Bc6 22. Nxa5 Qxa5 23. Qf2 Rxd1+ 24. Rxd1 Rb8 25. h3 g6 26. Kh2 Nb5 27. Rd2 Nxc3 28. bxc3 Qa3 29. Bd4 h5 30. Qe2 h4 31. Bc4 a5 32. Ra2 Qc1 33. Be3 Qxc3 34. Rc2 Qa1 35.
Ra2 Qb1 36. Bd3 Qb4 37. Bd2 Qd4 38. Be3 Qd8 39. Rd2 Qf8 40. Rc2 Bd5 41. Bc4 Bxc4 42. Rxc4 Qd8 43. Qc2 Qd5 44. Rc7 Rb7 45.
Rxb7 Qxb7 46. Qa4 Qb4 47. Qe8+ Kg7 48. f5 gxf5 49. Bh6+ Kxh6 50. Qxf7 Kg5 51. Qxe6 Kf4 52. Qd5 a4 53.
Kh1 Qe1+ 54. Kh2 Qxe5 55. Qd1 Kg5+ 56. Kh1 Bd6 57. Qc1+ Qf4 58. Qg1 Qh2+ 59. Qxh2 Bxh2 60. Kxh2 a3 0-1

[Event "Swedish Chess Championship 2021: Sverigemastarklassen"]
[Site "Scandic Helsingborg Nord, Florettgatan 41, Helsingborg, Sweden"]
[Date "2021.07.09"]
[Round "7.4"]
[White "Lokander, Martin"]
[Black "Storme, Isak"]
[Result "1-0"]
[TimeControl "90 minutes for 40 moves + 30 minutes for the rest of the game + 30 seconds per move from move one."]
[WhiteTitle "IM"]
[BlackTitle "FM"]
[WhiteFideId "1709569"]
[BlackFideId "1728113"]
[WhiteElo "2437"]
[BlackElo "2397"]

1. d4 Nf6 2. c4 g6 3. Nc3 d5 4. Bg5 Bg7 5. Bxf6 Bxf6 6. cxd5 c6 7. e4 cxd5 8. Bb5+ Nd7 9. Nxd5 O-O 10.
Bxd7 Bxd7 11. Ne2 Bc6 12. Nxf6+ exf6 13. d5 Bb5 14. Nc3 Ba6 15. Qd4 Rc8 16. O-O-O b5 17. Kb1 Rc4 18. Qe3 b4 19.
Ne2 f5 20. f3 fxe4 21. fxe4 f5 22. Nd4 Qd7 23. Ne6 Rfc8 24. exf5 Qf7 25. fxg6 Qxg6+ 26. Ka1 Bb7 27. Rhe1 a5 28. Nf4 Qf6 29. Nh5 Qg6 30. Qe5 Rf8 31.
d6 Re4 32. Rxe4 Bxe4 33. d7 1-0

[Event "Swedish Chess Championship 2021: Sverigemastarklassen"]
[Site "Scandic Helsingborg Nord, Florettgatan 41, Helsingborg, Sweden"]
[Date "2021.07.09"]
[Round "7.5"]
[White "Hillarp Persson, Tiger"]
[Black "Wiedenkeller, Michael"]
[Result "1/2-1/2"]
[TimeControl "90 minutes for 40 moves + 30 minutes for the rest of the game + 30 seconds per move from move one."]
[WhiteTitle "GM"]
[BlackTitle "IM"]
[WhiteFideId "1700812"]
[BlackFideId "1700146"]
[WhiteElo "2542"]
[BlackElo "2445"]

1. d4 Nf6 2. c4 e6 3. Nc3 Bb4 4. e3 O-O 5. Nf3 d5 6. Bd2 b6 7. cxd5 exd5 8. Rc1 a6 9. Bd3 Bb7 10.
Ne5 Nbd7 11. O-O Nxe5 12. dxe5 Bxc3 13. Bxc3 Ne4 14. Bxe4 dxe4 15. Qg4 Qe7 16. b4 Qe6 17. Qg3 Rad8 18.
Bd4 Rd7 19. Rc2 Re8 20. Rfc1 Ree7 21. a4 h6 22. h3 Kh7 23. h4 Bd5 24. h5 c6 25. f4 exf3 26. gxf3 b5 27. axb5 axb5 28.
Rg2 g6 29. hxg6+ fxg6 30. Rh2 Rf7 31. e4 Bc4 32. Be3 h5 33. Bg5 Rd3 34. Bf6 Rxf6 35. exf6 Qxf6 36. Rf2 Qd4 37. Qc7+ Kh6 38.
Kg2 Rb3 39. Qf4+ g5 40. Qf8+ Qg7 41. Qxg7+ Kxg7 42. Rd1 Kf6 43. Rd6+ Ke5 44. Rxc6 g4 45. Rc5+ Kd4 46. Rxh5 gxf3+ 47. Rxf3 Rxb4 48. Rh4 Rb2+ 49. Kg3 Re2 50. Rf8 1/2-1/2

[Event "Swedish Chess Championship 2021: Sverigemastarklassen"]
[Site "Scandic Helsingborg Nord, Florettgatan 41, Helsingborg, Sweden"]
[Date "2021.07.10"]
[Round "8.1"]
[White "Cramling, Pia"]
[Black "Hillarp Persson, Tiger"]
[Result "0-1"]
[TimeControl "90 minutes for 40 moves + 30 minutes for the rest of the game + 30 seconds per move from move one."]
[WhiteTitle "GM"]
[BlackTitle "GM"]
[WhiteFideId "1700030"]
[BlackFideId "1700812"]
[WhiteElo "2459"]
[BlackElo "2542"]

1. d4 Nf6 2. c4 g6 3. Nc3 Bg7 4. e4 d6 5. h3 Nbd7 6. Bg5 e5 7. d5 h6 8. Be3 Nc5 9. Bd3 Nxd3+ 10. Qxd3 Nd7 11. Nge2 h5 12. h4 b6 13. Qc2 a5 14. Nc1 Nc5 15. f3 Bf6 16. g3 Bd7 17. Nd3 Bg7 18. Nxc5 bxc5 19.
a4 f5 20. O-O-O O-O 21. Rdf1 Rf7 22. Bg5 Qf8 23. Qd3 Qb8 24. Nb5 Qb6 25. Bd2 Raf8 26. Kb1 Kh7 27. Ka2 Bh6 28. Bxh6 Kxh6 29.
f4 fxe4 30. Qxe4 Qb8 31. Qd3 exf4 32. Rxf4 Rxf4 33. gxf4 Bxb5 34. axb5 Qe8 35. Rf1 Qe7 36. Rg1 Rf6 37. Rf1 Rf5 38.
Qc3 Rf8 39. Qxa5 Qe2 40. Rc1 Rxf4 41. Qc3 Rd4 42. Rc2 Qe4 43. Rh2 Qf4 44. Rh1 Kh7 45. Kb3 Rxc4 46. Qxc4 Qf3+ 47. Ka2 Qxh1 48.
Ka3 Qa1+ 49. Kb3 Qd1+ 50. Ka3 Qe1 51. Ka2 Qa5+ 52. Kb1 Qb4 53. Qe2 Qxh4 54. Qe6 Kh6 55. b6 cxb6 56. Qxd6 Qe4+ 57.
Ka1 h4 58. Qf8+ Kh5 59. d6 h3 60. Qe7 Qxe7 61. dxe7 h2 62. e8=Q h1=Q+ 63. Ka2 Qd5+ 64. Ka3 Qd3+ 65. Ka2 Qc4+ 66.
Ka1 Qa6+ 67. Kb1 Qd3+ 68. Ka2 b5 69. Qc6 Qc4+ 70. Ka1 b4 71. Qf3+ Kh6 72. Qh3+ Kg7 73. Qd7+ Qf7 74. Qd3 b3 75.
Kb1 Qf5 76. Kc1 Qf4+ 77. Kb1 c4 78. Qd7+ Kh6 79. Qh3+ Kg5 80. Qg2+ Kf6 81. Qc6+ Ke7 82. Qb7+ Kf8 83. Qc8+ Kg7 84.
Qd7+ Kh6 85. Qh3+ Kg5 86. Qg2+ Qg4 87. Qd2+ Kh4 88. Qh2+ Qh3 89. Qf2+ Qg3 90. Qd4+ Kh3 91. Qd7+ Qg4 0-1

[Event "Swedish Chess Championship 2021: Sverigemastarklassen"]
[Site "Scandic Helsingborg Nord, Florettgatan 41, Helsingborg, Sweden"]
[Date "2021.07.10"]
[Round "8.2"]
[White "Seo, Jung Min"]
[Black "Hector, Jonny"]
[Result "1-0"]
[TimeControl "90 minutes for 40 moves + 30 minutes for the rest of the game + 30 seconds per move from move one."]
[WhiteTitle "IM"]
[BlackTitle "GM"]
[WhiteFideId "1734687"]
[BlackFideId "1700090"]
[WhiteElo "2453"]
[BlackElo "2479"]

1. d4 Nc6 2. Nf3 d5 3. Bf4 Bg4 4. e3 e6 5. c4 Nf6 6. Nc3 Bb4 7. h3 Bxf3 8. Qxf3 Ne4 9. Rc1 Qe7 10.
cxd5 exd5 11. Bb5 O-O 12. Qd1 Na5 13. O-O Nxc3 14. bxc3 Ba3 15. Rb1 c6 16. Bd3 b5 17. Qc2 g6 18.
e4 a6 19. Rbe1 Rfe8 20. Re2 Qd7 21. Rfe1 Rac8 22. Qd1 Re6 23. h4 Rce8 24. h5 dxe4 25. Bxe4 Nc4 26. Qd3 Bd6 27. Bc1 Bf8 28.
Qf3 Rc8 29. g3 Nd6 30. Bd3 Rxe2 31. Rxe2 c5 32. Be3 c4 33. Bc2 a5 34. hxg6 hxg6 35. Qd5 Qc6 36. Qg5 Ne4 37. Bxe4 Qxe4 38.
Qxb5 Qd3 39. Qb2 a4 40. Rd2 Qf5 41. d5 Bd6 42. Qc2 Qh3 43. Bd4 Rb8 44. Rd1 a3 45. Qe2 Qh5 46. Qf1 Rb2 47.
Re1 Qxd5 48. Qh3 f6 49. Bxf6 Bf8 50. Qh8+ Kf7 51. Bd4 1-0

[Event "Swedish Chess Championship 2021: Sverigemastarklassen"]
[Site "Scandic Helsingborg Nord, Florettgatan 41, Helsingborg, Sweden"]
[Date "2021.07.10"]
[Round "8.3"]
[White "Blomqvist, Erik"]
[Black "Storme, Isak"]
[Result "1-0"]
[TimeControl "90 minutes for 40 moves + 30 minutes for the rest of the game + 30 seconds per move from move one."]
[WhiteTitle "GM"]
[BlackTitle "FM"]
[WhiteFideId "1709437"]
[BlackFideId "1728113"]
[WhiteElo "2535"]
[BlackElo "2397"]

1. Nf3 Nf6 2. g3 g6 3. b3 Bg7 4. Bb2 b6 5. c4 c5 6. Bg2 Bb7 7. d4 cxd4 8. Qxd4 O-O 9. O-O d6 10.
Rd1 Nbd7 11. Qh4 a6 12. Nc3 Rc8 13. Ne1 Bxg2 14. Nxg2 Rc5 15. Ne3 b5 16. Rab1 Rh5 17. Qf4 Bh6 18.
Qd4 Bxe3 19. Qxe3 bxc4 20. bxc4 Nb6 21. Qd4 Qc8 22. Qxb6 Qh3 23. f3 Qxh2+ 24. Kf1 Qh3+ 25. Ke1 Qxg3+ 26. Kd2 Rc5 27. Kc2 Qf4 28. Qxa6 Rxc4 29. Bc1 Qf5+ 30. Rd3 Rfc8 31. Bd2 d5 32. Rb5 h5 33. e4 Qe5 34. exd5 Qe2 35.
d6 Nd5 36. Rbxd5 Rxc3+ 37. Kb2 Rc2+ 38. Ka3 exd6 39. Rxd6 Qe8 40. Kb3 Qe5 41. Rd8+ Kh7 42. Rxc8 Qb2+ 43. Ka4 Qxa2+ 44. Ra3 Rxd2 45.
Qf6 1-0

[Event "Swedish Chess Championship 2021: Sverigemastarklassen"]
[Site "Scandic Helsingborg Nord, Florettgatan 41, Helsingborg, Sweden"]
[Date "2021.07.10"]
[Round "8.4"]
[White "Smith, Axel"]
[Black "Westerberg, Jonathan"]
[Result "1-0"]
[TimeControl "90 minutes for 40 moves + 30 minutes for the rest of the game + 30 seconds per move from move one."]
[WhiteTitle "GM"]
[BlackTitle "GM"]
[WhiteFideId "1707930"]
[BlackFideId "1701754"]
[WhiteElo "2453"]
[BlackElo "2534"]

1. d4 Nf6 2. c4 e6 3. Nc3 Bb4 4. f3 c5 5. d5 b5 6. e4 d6 7. Bd2 Bxc3 8. Bxc3 b4 9. Bd2 O-O 10.
Bd3 e5 11. Ne2 Nh5 12. Qc2 a5 13. Be3 Qh4+ 14. g3 Qf6 15. Rf1 a4 16. Qd2 a3 17. b3 Nf4 18. O-O-O Nxe2+ 19. Qxe2 Qe7 20.
g4 Qh4 21. Rg1 Re8 22. Qd2 h6 23. g5 hxg5 24. Rxg5 Nd7 25. Qg2 Qh7 26. Rg1 g6 27. h4 Nf6 28. h5 Nxh5 29. Rxh5 1-0

[Event "Swedish Chess Championship 2021: Sverigemastarklassen"]
[Site "Scandic Helsingborg Nord, Florettgatan 41, Helsingborg, Sweden"]
[Date "2021.07.10"]
[Round "8.5"]
[White "Wiedenkeller, Michael"]
[Black "Lokander, Martin"]
[Result "0-1"]
[TimeControl "90 minutes for 40 moves + 30 minutes for the rest of the game + 30 seconds per move from move one."]
[WhiteTitle "IM"]
[BlackTitle "IM"]
[WhiteFideId "1700146"]
[BlackFideId "1709569"]
[WhiteElo "2445"]
[BlackElo "2437"]

1. c4 e5 2. Nc3 Nf6 3. Nf3 Nc6 4. e3 Bb4 5. Qc2 O-O 6. Nd5 Re8 7. Qf5 d6 8. Nxf6+ gxf6 9. Qc2 e4 10.
Ng1 d5 11. a3 d4 12. axb4 Nxb4 13. Qb3 a5 14. Be2 c5 15. Nh3 d3 16. Bd1 Bxh3 17. gxh3 h5 18. Qc3 Re5 19. b3 Qd7 20.
Rg1+ Kh7 21. Rg3 Rg8 22. Rxg8 Kxg8 23. f4 Qxh3 24. Kf2 Qxh2+ 25. Kf1 h4 26. Bg4 h3 0-1

[Event "Swedish Chess Championship 2021: Sverigemastarklassen"]
[Site "Scandic Helsingborg Nord, Florettgatan 41, Helsingborg, Sweden"]
[Date "2021.07.11"]
[Round "9.1"]
[White "Hillarp Persson, Tiger"]
[Black "Seo, Jung Min"]
[Result "1/2-1/2"]
[TimeControl "90 minutes for 40 moves + 30 minutes for the rest of the game + 30 seconds per move from move one."]
[WhiteTitle "GM"]
[BlackTitle "IM"]
[WhiteFideId "1700812"]
[BlackFideId "1734687"]
[WhiteElo "2542"]
[BlackElo "2453"]

1. d4 d5 2. Nf3 Nf6 3. Bf4 e6 4. e3 c5 5. Nbd2 Nc6 6. c3 Be7 7. h4 Bd6 8. Bb5 Bxf4 9. exf4 Qb6 10.
Qa4 O-O 11. dxc5 Qxc5 12. O-O Bd7 13. Bxc6 bxc6 14. Qd4 Qb5 15. b4 c5 16. bxc5 Rfc8 17. Ne5 Qxc5 18. Rfc1 h6 19. Rab1 Be8 20.
Nb3 Qa3 21. Qb4 Qxa2 22. Ra1 Qe2 23. Nd4 Qh5 24. g3 Ng4 25. Re1 Nxe5 26. Rxe5 Qg4 27. Kg2 Qg6 28. f5 Qf6 29. Rae1 a5 30.
Qa3 exf5 31. Nxf5 Rd8 32. Ne7+ Kh8 33. Nxd5 Bc6 34. c4 a4 35. h5 Bb7 36. f3 Bxd5 37. cxd5 Qb6 38. R1e3 Qd4 39.
R3e4 Qd2+ 40. Re2 Qd4 41. Qa2 a3 42. Re7 Rxd5 43. g4 f5 44. gxf5 Rxf5 45. Re8+ Rf8 46. Rxf8+ Rxf8 47. Qxa3 Qf4 48.
Re4 Qd2+ 49. Kg3 Qg5+ 50. Rg4 Qf6 51. Qe3 Qd6+ 52. Kg2 Qf6 53. Rg6 Qf7 54. Qc3 Kh7 55. Qd3 Kh8 56. Qc3 Kh7 57.
Qd3 Kh8 1/2-1/2

[Event "Swedish Chess Championship 2021: Sverigemastarklassen"]
[Site "Scandic Helsingborg Nord, Florettgatan 41, Helsingborg, Sweden"]
[Date "2021.07.11"]
[Round "9.2"]
[White "Westerberg, Jonathan"]
[Black "Blomqvist, Erik"]
[Result "1/2-1/2"]
[TimeControl "90 minutes for 40 moves + 30 minutes for the rest of the game + 30 seconds per move from move one."]
[WhiteTitle "GM"]
[BlackTitle "GM"]
[WhiteFideId "1701754"]
[BlackFideId "1709437"]
[WhiteElo "2534"]
[BlackElo "2535"]

1. e4 c5 2. Nf3 d6 3. c3 Nf6 4. h3 Nc6 5. Bd3 d5 6. e5 Nd7 7. Bb5 e6 8. O-O Qb6 9. Qa4 c4 10.
d4 cxd3 11. b4 Be7 12. Bxd3 O-O 13. Re1 f6 14. Qc2 fxe5 15. Bxh7+ Kh8 16. Bg6 e4 17. Be3 Qd8 18. Nh2 Nde5 19.
Bh5 Nc4 20. Qe2 Nxe3 21. fxe3 Bh4 22. Rf1 Rxf1+ 23. Nxf1 Ne5 24. Nbd2 Bd7 25. c4 Qf6 26. Rb1 Rf8 27. g3 Bg5 28.
h4 Bh6 29. Nh2 g6 30. Rf1 Qe7 31. Rxf8+ Qxf8 32. Bg4 Qxb4 33. cxd5 Bb5 34. Qf2 exd5 35. Qf6+ Bg7 36. Qd8+ Kh7 37. Be6 Qf8 38. Qxf8 Bxf8 39. Bxd5 Bh6 40. Nhf1 Ng4 41.
Bxb7 Nxe3 42. Nh2 Bg7 43. Bxe4 Bc3 44. Ndf1 Nxf1 45. Nxf1 Bxf1 46. Kxf1 1/2-1/2

[Event "Swedish Chess Championship 2021: Sverigemastarklassen"]
[Site "Scandic Helsingborg Nord, Florettgatan 41, Helsingborg, Sweden"]
[Date "2021.07.11"]
[Round "9.4"]
[White "Hector, Jonny"]
[Black "Smith, Axel"]
[Result "1-0"]
[TimeControl "90 minutes for 40 moves + 30 minutes for the rest of the game + 30 seconds per move from move one."]
[WhiteTitle "GM"]
[BlackTitle "GM"]
[WhiteFideId "1700090"]
[BlackFideId "1707930"]
[WhiteElo "2479"]
[BlackElo "2453"]

1. e4 e5 2. Nf3 Nf6 3. Nxe5 d6 4. Nf3 Nxe4 5. d4 d5 6. Bd3 Nc6 7. O-O Be7 8. c4 Nb4 9. Be2 O-O 10.
Nc3 Bf5 11. a3 Nxc3 12. bxc3 Nc6 13. Re1 dxc4 14. Bxc4 Bd6 15. Bg5 Qd7 16. d5 Na5 17. Bf1 Rfe8 18. Bd2 Rxe1 19. Bxe1 b6 20.
Ba6 Qe7 21. c4 Bxa3 22. Qa4 Bd6 23. Bxa5 bxa5 24. Re1 Qf8 25. Nd4 Bg6 26. g3 h6 27. Kg2 Bb4 28. Re2 Qc5 29. Nf3 Kh7 30.
Ne5 Qd6 31. Qc6 Qxc6 32. Nxc6 Bf5 33. Rb2 Bc3 34. Rb3 Bd2 35. f3 Re8 36. Nd4 a4 37. Ra3 Bg6 38. Rxa4 Be3 39. c5 Rb8 40.
d6 cxd6 41. c6 Rb2+ 42. Kh3 Bxd4 43. Rxd4 Rc2 44. Bc4 h5 45. g4 hxg4+ 46. fxg4 Rc3+ 47. Kg2 Rc2+ 48. Kf3 f5 49. c7 fxg4+ 50. Ke3 Bf5 51. c8=Q Rc3+ 52. Kd2 Rc2+ 53. Kd1 1-0

[Event "Swedish Chess Championship 2021: Sverigemastarklassen"]
[Site "Scandic Helsingborg Nord, Florettgatan 41, Helsingborg, Sweden"]
[Date "2021.07.11"]
[Round "9.5"]
[White "Lokander, Martin"]
[Black "Cramling, Pia"]
[Result "1-0"]
[TimeControl "90 minutes for 40 moves + 30 minutes for the rest of the game + 30 seconds per move from move one."]
[WhiteTitle "IM"]
[BlackTitle "GM"]
[WhiteFideId "1709569"]
[BlackFideId "1700030"]
[WhiteElo "2437"]
[BlackElo "2459"]

1. d4 d5 2. c4 dxc4 3. Nf3 Nf6 4. e3 e6 5. Bxc4 c5 6. O-O a6 7. Qe2 Nc6 8. Rd1 Qc7 9. Nc3 Be7 10.
d5 exd5 11. Bxd5 O-O 12. h3 b5 13. e4 b4 14. Bxc6 Qxc6 15. Nd5 Re8 16. Bg5 Bb7 17. Rac1 Nxd5 18. exd5 Qd6 19. Qc4 Bxg5 20.
Nxg5 Qg6 21. Qf4 h6 22. Nf3 Rac8 23. Ne5 Qh5 24. Nc4 Rcd8 25. Nd6 Re7 26. Rd3 Bc8 27. Rg3 Qxd5 28. Qf6 g6 29.
Nxc8 1-0